 Dungeon Crawl Stone Soup version 0.30.1-11-g7821555f0a (webtiles) character file.

Game seed: 18323393866957381986

183 Okkudo the Chopper (level 5, -3/46 HPs)
             Began as a Hill Orc Monk on Dec 10, 2023.
             Slain by a wraith (8 damage)
             ... in an ossuary.
             The game lasted 00:05:45 (1791 turns).

Okkudo the Chopper (Hill Orc Monk)                  Turns: 1791, Time: 00:05:46

Health: -3/46      AC:  5    Str: 21 (22) XL:     5   Next: 62%
Magic:  5/5        EV: 11    Int:  9 (10) God:
Gold:   125        SH:  0    Dex: 12 (13) Spells: 4/4 levels left

rFire   . . .        a - +0 hand axe
rCold   . . .        d - orb {light}
rNeg    . . .        e - +0 ring mail
rPois   .            (no helmet)
rElec   .            (no cloak)
rCorr   .            (no gloves)
SInv    .            (no boots)
Will    .....        (no amulet)
Stlth   +            j - +6 ring of strength
HPRegen 0.27/turn    (no ring)
MPRegen 0.09/turn

%: no passive effects
@: slowed, glowing, very slow
A: no striking features
a: no special abilities


You were in an ossuary.
You visited 1 branch of the dungeon, and saw 4 of its levels.
You also visited: Ossuary.

You collected 125 gold pieces.

Inventory:

Hand Weapons
 a - a +0 hand axe (weapon)
Missiles
 b - 5 poisoned darts (quivered)
Armour
 d - an orb of light (worn)
 e - a +0 ring mail (worn)
Jewellery
 j - a +6 ring of strength (left hand)
Scrolls
 c - a scroll of noise {unknown}
 f - 3 scrolls of teleportation {unknown}
 h - a scroll of poison {unknown}
 k - a scroll of brand weapon {unknown}
 n - a scroll of amnesia {unknown}
 r - 2 scrolls of identify {unknown}
Potions
 g - a potion of might {unknown}
 i - a potion of brilliance {unknown}
 l - 2 potions of degeneration
 m - 2 potions of curing {unknown}
 o - a potion of lignification {unknown}
 p - 3 potions of heal wounds {unknown}
 q - a potion of flight {unknown}


   Skills:
 - Level 4.0 Fighting
 * Level 7.5 Axes
 - Level 2.7 Dodging


You had 4 spell levels left.
You didn't know any spells.
Your spell library contained the following spells:

 Spells                   Type           Power      Damage    Failure   Level
 Ensorcelled Hibernation  Hex/Ice        0%         N/A       71%         2
 Spider Form              Tmut/Pois      0%         N/A       90%         3
 Anguish                  Hex/Necr       0%         N/A       100%        4


Dungeon Overview and Level Annotations

Branches:
Dungeon (4/15)            Ossuary (1/1)
 Temple: D:4-7

Altars:
Hepliaklqana


Message History

You hit the wraith.
The wraith is lightly damaged.
The wraith barely misses you.
You barely miss the wraith.
The wraith is lightly damaged.
The wraith closely misses you.
You hit the wraith but do no damage.
The wraith is lightly damaged.
The wraith closely misses you.
You hit the wraith but do no damage.
The wraith is lightly damaged.
The wraith hits you!
You hit the wraith.
The wraith is moderately damaged.
The wraith hits you but does no damage.
You hit the wraith but do no damage.
The wraith is moderately damaged.
The wraith hits you!
You hit the wraith.
The wraith is moderately damaged.
The wraith hits you! The wraith drains your vigour!
You feel yourself slow down.
You barely miss the wraith.
The wraith is moderately damaged.
The wraith misses you.
You hit the wraith but do no damage.
The wraith is moderately damaged.
The wraith hits you. The wraith drains your vigour!
You feel as though you will be slow longer.
The wraith hits you!
* * * LOW HITPOINT WARNING * * *
It was a potion of degeneration.
There was something very wrong with that liquid.
You feel weakened.
You feel dopey.
You feel clumsy. The wraith hits you!
* * * LOW HITPOINT WARNING * * *
The wraith drains your vigour!
You feel as though you will be slow longer.
The wraith hits you!
You die...

########## .........
...... ####..# #.
#?'W..# .#
#..####@.#+#..#
#........#.#..# ###
#.............. #W#
#..####.......# ###
#..#?'....8...# ##.##
#..####.......#
##...###.............#
##.....##..............
##...∩...'..####..####..


You could see a wraith.

Vanquished Creatures
  An iguana (D:4)
  An orc wizard (D:4)
  3 gnolls (D:2)
  3 adders
  4 dart slugs
  6 ball pythons
  4 bats
  4 endoplasms
  5 giant cockroaches
  7 goblins
  6 hobgoblins
  2 jackals (D:2)
  2 quokkas
  4 frilled lizards (D:1)
  A goblin zombie (Ossuary)
  3 hobgoblin zombies (Ossuary)
  6 kobolds
  2 kobold zombies (Ossuary)
  5 rats
69 creatures vanquished.

Notes
Turn   | Place    | Note
-------+----------+-------------------------------------------
     0 | D:1      | Okkudo the Hill Orc Monk began the quest for the Orb.
     0 | D:1      | Reached XP level 1. HP: 19/19 MP: 1/1
   111 | D:1      | Reached XP level 2. HP: 25/27 MP: 2/2
   187 | D:1      | Found a faded altar of an unknown god.
   242 | D:1      | Reached XP level 3. HP: 27/33 MP: 3/3
   381 | D:1      | Reached skill level 5 in Axes
   727 | D:2      | Reached XP level 4. HP: 36/40 MP: 4/4
   732 | D:2      | Reached skill level 6 in Axes
  1382 | D:3      | Reached XP level 5. HP: 46/46 MP: 5/5
  1432 | D:4      | Reached skill level 7 in Axes
  1489 | D:4      | Found a hazy altar of Hepliaklqana.
  1698 | D:4      | Found a sand-covered staircase.
  1706 | Ossuary  | Entered an ossuary
  1706 | Ossuary  | Noticed a wraith
  1706 | Ossuary  | Noticed a wraith
  1706 | Ossuary  | Noticed a wraith
  1779 | Ossuary  | Noticed a wraith
  1791 | Ossuary  | Slain by a wraith

Illustrated notes

Levels and vault maps discovered:
D:1:      lemuel_arrival_room, layout_basic, shapermc_ecumenical_altar_acropolis
D:2:      layout_loops_ring
D:3:      layout_rooms, kennysheep_slug_shrine
D:4:      layout_rooms, mainiacjoe_overflow_alcove_2, serial_curves,
          eino_curves_04, eino_curves_04, eino_curves_02,
          nicolae_ossuary_entry_plus, uniq_sigmund
Ossuary:  ossuary_kennysheep_city_of_the_dead

Skill      XL: |  1  2  3  4  5 |
---------------+----------------+-----
Fighting       | 4 |  4.0
Axes           | 5 6 7 |  7.5
Dodging        | |  2.7

Action                     |  1- 3 |  4- 6 || total
---------------------------+-------+-------++-------
  Melee: Hand axe          |   101 |    97 ||   198
    Use: Potion            |       |     2 ||     2
 Armour: Ring mail         |    36 |    29 ||    65
  Dodge: Dodged            |    75 |    62 ||   137
